 Dungeon Crawl Stone Soup version 0.30-a0-1103-g25895a7845 (webtiles) character file.

Game seed: 1197593451834907517

3134 kae the Transmogrifier (level 9, -2/64 HPs)
             Began as a Red Draconian Transmuter on Apr 18, 2023.
             Was a Follower of the Shining One.
             Slain by an orc warrior
             ... wielding a +0 halberd
              (22 damage)
             ... in a bailey.
             The game lasted 00:08:37 (7739 turns).

kae the Transmogrifier (Red Draconian Transmuter)   Turns: 7739, Time: 00:08:37

Health: -2/64      AC: 10    Str: 12    XL:     9   Next: 61%
Magic:  22/26      EV: 12    Int: 18    God:    the Shining One [*.....]
Gold:   884        SH:  0    Dex: 12    Spells: 4/19 levels left

rFire   + . .      SeeInvis .      - Unarmed
rCold   . . .      Faith    .    (shield currently unavailable)
rNeg    . . .      Spirit   .    (body armour unavailable)
rPois   .          Reflect  .    m - +1 hat
rElec   .          Rampage  .    d - scarf {repulsion}
rCorr   .                        q - melded +1 pair of gloves
Will    .....                    h - +1 pair of boots
Stlth   +                        (no amulet)
HPRegen 0.30/turn                W - ring of magical power
MPRegen 0.20/turn                (no ring)

@: blade hands (expiring), glowing, repel missiles
A: breathe fire, AC +7, unfitting armour, fire resistance 1, cold-blooded
a: Breathe Fire, End Transformation, Renounce Religion, Divine Shield


You were in a bailey.
You worshipped the Shining One.
The Shining One was aware of your devotion.
You had blades for hands.
You visited 2 branches of the dungeon, and saw 8 of its levels.
You also visited: Bailey.

You collected 884 gold pieces.


Innate Abilities, Weirdness & Mutations

You have blades for hands.
Your spellcasting is less reliable in this form.
You are incapable of wielding weapons or throwing items.
You can breathe blasts of fire.
Your fiery red scales are hard. (AC +7)
You cannot fit into any form of body armour.
Your flesh is heat resistant. (rF+)
You are cold-blooded and may be slowed by cold attacks.


   Skills:
 - Level 1.1 Fighting
 - Level 1.7 Dodging
 + Level 6.5 Unarmed Combat
 + Level 5.5 Spellcasting
 * Level 8.6 Transmutations
 - Level 5.0 Ice Magic
 - Level 2.5 Poison Magic


You had 4 spell levels left.
You knew the following spells:

 Your Spells              Type           Power      Damage    Failure   Level
a - Beastly Appendage     Tmut           72%        N/A       11%         1
b - Wereblood             Tmut           36%        N/A       12%         2
c - Spider Form           Tmut/Pois      25%        N/A       28%         3
d - Ice Form              Ice/Tmut       29%        N/A       41%         4
e - Blade Hands           Tmut           18%        N/A       45%         5

Your spell library contained the following spells:

 Spells                   Type           Power      Damage    Failure   Level
 Inner Flame              Hex/Fire       5%         N/A       78%         3
 Flame Wave               Conj/Fire      5%         2d5       97%         4
 Sticky Flame             Conj/Fire      5%         2d3       97%         4
 Iron Shot                Conj/Erth      2%         9d2       100%        6
 Animate Armour           Summ/Erth      Unusable   N/A       N/A         4

Inventory:

Missiles
 b - 20 poisoned darts
 c - 2 curare-tipped darts {=f}
 i - 3 atropa-tipped darts
 n - 69 stones
 t - a throwing net {=f!f}
Armour
 d - a scarf of repulsion (worn)
   (You found it on level 1 of the Dungeon)
 h - a +1 pair of boots (worn)
   (You found it on level 3 of the Dungeon)
 m - a +1 hat (worn)
   (You found it on level 2 of the Dungeon)
 q - a +1 pair of gloves (melded)
   (You found it on level 2 of the Dungeon)
Magical Staves
 j - a staff of earth {!a}
   (You found it on level 1 of the Dungeon)
Jewellery
 F - a ring of fire
   (You found it on level 1 of the Dungeon)
 W - a ring of magical power (left blade hand)
   (You found it on level 1 of the Dungeon)
Wands
 e - a wand of mindburst (19)
   (You found it on level 3 of the Dungeon)
 k - a wand of flame (7)
   (You found it on level 6 of the Dungeon)
Scrolls
 s - a scroll of fog
 u - a scroll of fear
 v - 2 scrolls of identify {@r1}
 w - a scroll of poison {!r}
 x - a scroll of blinking {!r}
Potions
 a - a potion of lignification {!q}
 f - 3 potions of mutation {unknown}
 g - 5 potions of cancellation
 l - 3 potions of degeneration {!q}
 o - a potion of brilliance
 r - 2 potions of curing {@q1}
 z - 4 potions of haste {unknown}
 A - a potion of invisibility {unknown}

Dungeon Overview and Level Annotations

Branches:
Dungeon (7/15) Zot: 26806  Temple (1/1) D:5 Zot: 5901  Bailey (1/1) Zot: 5165

Altars:
Ashenzari
Dithmenos
Elyvilon
Kikubaaqudgha
Nemelex Xobeh
Okawaru
Qazlal
Ru
Sif Muna
Trog
Uskayaw
Wu Jian
Yredelemnul
Zin
The Shining One

Shops:
D:2

= ############ #####
##.โˆฉ.).@o)..## ##....
#.....)#.....######....o
#.....###....#....#).##.
#โˆฉ.....8.....'.o..o))8..
#.....###....#...)#o.##o
#......#.....######)....
##.โˆฉ........## ##....
############ #####


You could see an orc warrior (strong).


Message History

Your Unarmed Combat skill increases to level 6!
Your Spellcasting skill increases to level 5!
Your Transmutations skill increases to level 8!
Unknown command.
There is a gate leading back out of this place here.
You start resting. ๐Ÿ˜จ HP[+4] MP[+3]
You regained 4 hp, and now have 28/64 hp.
Your mp is fully restored (25).
Unknown command.
You start resting. ๐Ÿ˜• HP[+26]
You regained 26 hp, and now have 54/64 hp.
You start resting. ๐Ÿ˜Ž HP[+10]
Your hp is fully restored (64).
Things that are here:
a +0 glaive; a +0 chain mail
Items here: )))) [[.
There is an open door here.
Things that are here:
a +0 halberd; a +0 plate armour
There is an open door, spattered with blood here.
Items here: )))) รทรท.
You see here a +0 halberd.
There is an open gate here.
An orc knight and an orc warrior come into view.
The orc knight shouts!
An orc knight comes into view. It is wielding a +0 halberd.
There are monsters nearby!
There are monsters nearby!
There are monsters nearby!
There is an open gate here.
You start waiting.
There are monsters nearby!
Items here: )))) [[.
There is an open door, spattered with blood here.
Items here: )))) รทรท.
Things that are here:
a +0 halberd; a +0 plate armour
There is an open door here.
Things that are here:
a +0 halberd; a +0 scale mail
Things that are here:
a +0 halberd; a +0 halberd; a +0 chain mail
Items here: )))) [[.
You see here a +0 spear.
Casting: Blade Hands (quite dangerous; 13% risk of failure)
Confirm with . or Enter, or press ? or * to list all spells.
The spell is quite dangerous to miscast (13% risk of failure)!
Continue anyway?
Okay, then.
The orc knight roars a battlecry!
You see here a +0 spear.
Casting: Blade Hands (quite dangerous; 13% risk of failure)
Confirm with . or Enter, or press ? or * to list all spells.
The spell is quite dangerous to miscast (13% risk of failure)!
Continue anyway?
Your hands turn into razor-sharp scythe blades.
Your +1 pair of gloves melds into your body. ๐Ÿ˜Ž MP[-5]
You lost 5 mp, and now have 20/25 mp.
You start resting.
There are monsters nearby!
You hit the orc knight. The orc knight closely misses you.
The orc warrior closely misses you.
You slash the orc knight!
You tail-slap the orc knight, but do no damage.
Unknown command.
You slash the orc knight!
Your transformation is almost over.
The orc knight hits you with a +0 trident!
The orc warrior completely misses you. ๐Ÿ˜• HP[-7] MP[+1]
You take 7 damage, and now have 57/64 hp.
You hit the orc knight.
The orc knight hits you with a +0 trident!
The orc warrior hits you from afar with a +0 halberd!
* * * LOW HITPOINT WARNING * * *
๐Ÿ˜จ HP[-25]
You take 25 damage, and now have 32/64 hp.
MASSIVE DAMAGE!! (PAUSE)
You slice the orc knight!!
The orc knight hits you with a +0 trident.
* * * LOW HITPOINT WARNING * * *
The orc warrior misses you. ๐Ÿ˜จ HP[-1]
You take 1 damage, and now have 31/64 hp.
Unknown command.
You hit the orc knight but do no damage.
You tail-slap the orc knight, but do no damage.
The orc knight barely misses you. The orc warrior barely misses you.
Unknown command.
You slash the orc knight!
You kill the orc knight!
The orc warrior hits you from afar with a +0 halberd!
* * * LOW HITPOINT WARNING * * *
๐Ÿ˜จ HP[-12]
You take 12 damage, and now have 19/64 hp.
Unknown command.
The orc warrior hits you with a +0 halberd!!
You die...

Skill      XL: |  1  2  3  4  5  6  7  8  9 |
---------------+----------------------------+-----
Poison Magic   | 1 2 |  2.5
Ice Magic      | 1 2 3 4 5 |  5.0
Transmutations | 3 4 5 7 8 |  8.6
Unarmed Combat | 4 5 6 |  6.5
Spellcasting   | 3 4 5 |  5.5
Fighting       | |  1.1
Dodging        | |  1.7

Action                     |  1- 3 |  4- 6 |  7- 9 || total
---------------------------+-------+-------+-------++-------
  Melee: Unarmed           |   106 |   208 |   234 ||   548
         Kick              |     9 |    10 |       ||    19
         Tailslap          |    10 |    14 |     8 ||    32
         Headbutt          |     5 |     7 |       ||    12
         Punch             |       |     2 |     4 ||     6
   Cast: Beastly Appendage |    16 |    14 |     1 ||    31
         Spider Form       |     1 |    13 |    13 ||    27
         Wereblood         |     1 |     3 |     6 ||    10
         Ice Form          |       |       |     9 ||     9
         Blade Hands       |       |       |     5 ||     5
Ability: End Transformatio |       |     1 |     1 ||     2
  Evoke: Wand              |       |       |     4 ||     4
    Use: Scroll            |     9 |     3 |     8 ||    20
         Potion            |       |     1 |     3 ||     4
   Stab: Sleeping          |     1 |       |       ||     1
         Distracted        |       |     1 |       ||     1
 Armour: Skin              |    39 |    65 |    78 ||   182
  Dodge: Dodged            |    89 |   139 |   202 ||   430

Levels and vault maps discovered:
D:1:      sevenhm_arrival_forest_fort_large_2, layout_basic, minmay_pentomino_p2
D:2:      layout_basic, serial_shops, nicolae_shop_gaudy_bauble, uniq_robin
D:3:      minmay_evil_eye, layout_basic
D:4:      layout_cave_pools, trog_book, minmay_bent
D:5:      layout_loops_ring, minmay_temple_entry_gardened_gates,
          dreamdust_princess_corridor
D:6:      layout_loops_ring, mainiacjoe_overflow_24_doors,
          grunt_decor_mini_mirrors, uniq_crazy_yiuf_cottage
D:7:      layout_basic, enter_bailey_3
Temple:   nicolae_temple_god_jail
Bailey:   bailey_polearm_5, bailey

Notes
Turn   | Place    | Note
-------+----------+-------------------------------------------
     0 | D:1      | kae the Draconian Transmuter began the quest for the Orb.
     0 | D:1      | Reached XP level 1. HP: 16/16 MP: 3/3
     0 | D:1      | magus.rc [v1.11.3]
   136 | D:1      | Reached XP level 2. HP: 16/23 MP: 3/5
   632 | D:1      | Reached skill level 1 in Poison Magic
  1015 | D:2      | Noticed Robin
  1028 | D:1      | Killed Robin
  1029 | D:1      | Reached skill level 1 in Ice Magic
  1029 | D:1      | Reached XP level 3. HP: 15/28 MP: 4/6
  1084 | D:1      | Learned a level 2 spell: Wereblood
  1088 | D:1      | Learned a level 3 spell: Spider Form
  1337 | D:2      | Found Qatioj's Jewellery Boutique.
  1779 | D:3      | Reached XP level 4. HP: 35/35 MP: 7/7
  2066 | D:3      | Reached skill level 3 in Transmutations
  2090 | D:3      | Reached skill level 2 in Ice Magic
  2297 | D:3      | Reached skill level 2 in Poison Magic
  2430 | D:3      | Reached XP level 5. HP: 40/40 MP: 8/8
  2672 | D:4      | You pick up a book of Flames and begin reading...
  2672 | D:4      | You add the spells Inner Flame, Sticky Flame and Flame Wave
                  | to your library.
  2716 | D:4      | Found a bloodstained altar of Trog.
  3255 | D:5      | Entered Level 5 of the Dungeon
  3435 | D:5      | Reached XP level 6. HP: 20/47 MP: 9/9
  3438 | D:5      | Reached skill level 3 in Ice Magic
  3773 | D:5      | Reached skill level 4 in Transmutations
  3823 | D:5      | Found a staircase to the Ecumenical Temple.
  3830 | Temple   | Entered the Ecumenical Temple
  3919 | Temple   | Became a worshipper of the Shining One
  4054 | D:5      | HP: 5/47 [acid (8)]
  4342 | D:5      | Reached skill level 4 in Unarmed Combat
  4342 | D:5      | Reached skill level 3 in Spellcasting
  4342 | D:5      | Your scales start taking on a fiery red colour.
  4342 | D:5      | Reached XP level 7. HP: 46/52 MP: 11/11
  4342 | D:5      | Gained mutation: Your flesh is heat resistant. (rF+) [Red
                  | Draconian growth]
  4696 | D:5      | Learned a level 4 spell: Ice Form
  4836 | D:5      | Identified a scroll of acquirement
  4836 | D:5      | Acquired 455 gold pieces
  4911 | D:6      | Reached skill level 5 in Transmutations
  5087 | D:6      | HP: 13/52 [gnoll/+0 club[a gnoll bouda] (1)]
  5246 | D:6      | Reached skill level 4 in Ice Magic
  5334 | D:6      | Reached XP level 8. HP: 26/59 MP: 12/13
  5636 | D:6      | You pick up a book of Iron and begin reading...
  5636 | D:6      | You add the spells Blade Hands and Iron Shot to your
                  | library.
  5714 | D:6      | Reached * piety under the Shining One
  5783 | D:6      | Found a runed translucent door.
  5784 | D:6      | Noticed Crazy Yiuf
  5879 | D:6      | HP: 13/59 [acid (7)]
  5881 | D:6      | HP: 6/59 [acid (3)]
  6176 | D:6      | HP: 11/59 [acid (9)]
  6294 | D:6      | Reached skill level 6 in Transmutations
  6295 | D:6      | Found an iron altar of Okawaru.
  6632 | D:6      | Killed Crazy Yiuf
  6770 | D:7      | Reached skill level 5 in Unarmed Combat
  6770 | D:7      | Reached skill level 4 in Spellcasting
  6888 | D:7      | Found a flagged portal.
  6899 | Bailey   | Entered a bailey
  6955 | Bailey   | HP: 17/70 [orc/+0 spear (4)]
  6956 | Bailey   | Reached skill level 5 in Ice Magic
  6956 | Bailey   | HP: 3/70 [orc/+0 halberd (7)]
  6962 | Bailey   | HP: 2/70 [orc/+0 halberd (8)]
  6968 | Bailey   | HP: 7/70 [orc/+0 spear (1)]
  7145 | Bailey   | Learned a level 5 spell: Blade Hands
  7315 | Bailey   | Noticed an orc knight
  7333 | Bailey   | Killed an orc knight
  7334 | Bailey   | Reached skill level 7 in Transmutations
  7334 | Bailey   | Reached XP level 9. HP: 23/64 MP: 16/16
  7491 | Bailey   | Noticed an orc knight
  7491 | Bailey   | Noticed an orc knight
  7542 | Bailey   | Killed an orc knight
  7543 | Bailey   | Reached skill level 6 in Unarmed Combat
  7543 | Bailey   | Reached skill level 5 in Spellcasting
  7543 | Bailey   | Reached skill level 8 in Transmutations
  7700 | Bailey   | Noticed an orc knight
  7738 | Bailey   | Killed an orc knight
  7739 | Bailey   | Slain by an orc warrior

Vanquished Creatures
  3 orc knights (Bailey)
  A black bear (D:5)
  2 orc warriors (Bailey)
  A centaur (D:7)
  A phantom (D:5)
  2 kobold brigands
  4 scorpions
  A howler monkey (D:6)
  3 hounds (D:5)
  An orc priest (D:6)
  6 jellies
  Crazy Yiuf (D:6)
  A gnoll bouda (D:6)
  5 iguanas
  An orc wizard (D:3)
  Robin (D:1)
  8 gnolls
  11 adders
  A white imp (D:6)
  2 ufetubi (D:6)
  A worm (D:5)
  4 dart slugs
  43 orcs
  9 endoplasms
  2 giant cockroaches
  23 goblins
  10 hobgoblins
  A jackal (D:1)
  19 kobolds
  4 quokkas
  5 ball pythons
  5 bats
  2 frilled lizards
  5 rats
189 creatures vanquished.

Table legend:
 A = Non-vault XP
 B = Vault XP
 C = Vault XP percentage of total XP
 D = Non-vault monster count
 E = Vault monster count
 F = Vault count percentage of total count
                 A         B        C        D         E       F
            +---------+---------+-------+---------+---------+-------
      Total |    2127 |    2351 |  52.5 |     131 |      58 |  30.7
            +---------+---------+-------+---------+---------+-------
        D:1 |      26 |      22 |  45.8 |      15 |       5 |  25.0
        D:2 |      30 |      17 |  36.2 |      11 |       9 |  45.0
        D:3 |      92 |      11 |  10.7 |      23 |       6 |  20.7
        D:4 |      51 |      51 |  50.0 |      13 |       7 |  35.0
        D:5 |     731 |       0 |   0.0 |      24 |       0 |   0.0
        D:6 |     854 |      39 |   4.4 |      32 |       1 |   3.0
        D:7 |     343 |       7 |   2.0 |      13 |       4 |  23.5
     Bailey |       0 |    2204 | 100.0 |       0 |      26 | 100.0
            +---------+---------+-------+---------+---------+-------

Illustrated notes

Table legend:
 A = Kills in this place as a percentage of kills in the entire game.
 B = Kills by you in this place as a percentage of kills by you in the entire game.
 C = Kills by friends in this place as a percentage of kills by friends in the entire game.
 D = Other kills in this place as a percentage of other kills in the entire game.
 E = Experience gained in this place as a percentage of experience gained in the entire game.
 F = Experience gained in this place divided by the number of levels of this place that you have seen.
                   A       B       C       D       E      F
               +-------+-------+-------+-------+-------+----------------------
         Total | 100.0 | 100.0 |   N/A |   N/A | 100.0 | 497.6
       Dungeon |  86.2 |  86.2 |   N/A |   N/A |  50.8 | 324.9
        Bailey |  13.8 |  13.8 |   N/A |   N/A |  49.2 | 2204.0
               +-------+-------+-------+-------+-------+----------------------

Table legend: (Time is in decaauts)
 A = Elapsed time spent in this place.
 B = Non-inter-level travel time spent in this place.
 C = Inter-level travel time spent in this place.
 D = Time resting spent in this place.
 E = Time spent auto-exploring this place.
 F = Levels seen in this place.
 G = Mean time per level.
                   A        B        C        D        E       F      G
               +--------+--------+--------+--------+--------+-----+--------+
         Total |   7707 |   7539 |    168 |    895 |   5192 |   9 |  856.3 |
       Dungeon |   6774 |   6614 |    160 |    563 |   4849 |   7 |  967.7 |
        Temple |     98 |     90 |      8 |      0 |     60 |   1 |   98.0 |
        Bailey |    834 |    834 |      0 |    332 |    283 |   1 |  834.0 |
               +--------+--------+--------+--------+--------+-----+--------+

Top non-repeatable levels by time:
     D:6: 1671 daAuts
     D:5: 1663 daAuts
     D:1: 1116 daAuts
  Bailey: 834 daAuts
     D:3: 794 daAuts
     D:4: 714 daAuts
     D:2: 620 daAuts
     D:7: 193 daAuts
  Temple: 98 daAuts
